 Dungeon Crawl Stone Soup version 0.23.2 (webtiles) character file.

Game seed: 15676620735600512450

681 Borgoz the Sneak (level 7, -4/58 HPs)
             Began as a Ghoul Assassin on Apr 5, 2019.
             Slain by a hound (5 damage)
             ... in the Ecumenical Temple.
             The game lasted 00:07:01 (3547 turns).

Borgoz the Sneak (Ghoul Assassin)                   Turns: 3547, Time: 00:07:02

Health: -4/58      AC:  5    Str: 22 (23) XL:     7   Next: 61%
Magic:  6/6        EV: 19    Int:  6      God:
Gold:   205        SH:  0    Dex: 16 (17) Spells: 6/6 levels left

rFire    . . .     SeeInvis .   a - +3 dagger
rCold    + . .     Gourm    .   (no shield)
rNeg     + + +     Faith    .   i - +0 leather armour
rPois    ∞         Spirit   .   (no helmet)
rElec    .         Reflect  .   d - +0 cloak
rCorr    +         Harm     .   c - +0 pair of gloves {Str+3}
MR       .....                  (no boots)
Stlth    ++++......             (no amulet)
HPRegen  0.00/turn              h - ring of resist corrosion
MPRegen  0.10/turn              (no ring)

@: mighty, agile, rotting
A: rotting body, claws 1, carnivore, cold resistance 1, negative energy
resistance 3, inhibited regeneration, torment resistance, unbreathing
a: no special abilities


You were in the Ecumenical Temple.
You were not hungry.

You visited 2 branches of the dungeon, and saw 5 of its levels.
You also visited: Sewer.

You collected 205 gold pieces.

Inventory:

Hand Weapons
 a - a +3 dagger (weapon)
 b - a +0 blowgun
 r - a +0 dagger of freezing
Missiles
 e - 27 poisoned needles
 f - 2 curare-tipped needles
Armour
 c - a +0 pair of gloves of strength (worn)
 d - a +0 cloak (worn)
 i - a +0 leather armour (worn)
Jewellery
 h - a ring of resist corrosion (left hand)
 t - an uncursed ring of wizardry {unknown}
Wands
 A - a wand of flame (15)
Scrolls
 j - a scroll of remove curse
 k - a scroll of identify
 m - 2 scrolls of amnesia
 o - 2 scrolls of fear
 w - a scroll of fog
 y - a scroll of enchant weapon
Potions
 n - a potion of haste
 B - a potion of lignification {unknown}
Comestibles
 g - 7 rations


   Skills:
 + Level 3.9 Fighting
 * Level 4.0 Short Blades
 - Level 1.7 Throwing
 * Level 3.5 Armour
 * Level 3.8 Dodging
 - Level 5.0 Stealth


You had 6 spell levels left.
You didn't know any spells.
Your spell library was empty.

Dungeon Overview and Level Annotations

Branches:
Dungeon (4/15)             Temple (1/1) D:4

Altars:
Ru


Innate Abilities, Weirdness & Mutations

Your body is rotting away.
You thrive on raw meat.
You are immune to poison.
You have sharp fingernails.
You are carnivorous and can eat meat at any time.
Your flesh is cold resistant. (rC+)
You are immune to negative energy. (rN+++)
You do not regenerate when monsters are visible.
You are immune to unholy pain and torment.
You can survive without breathing.


Message History

The ice beast is severely wounded.
The hound completely misses you. The ice beast closely misses you.
You puncture the ice beast!
You kill the ice beast!
You feel your intelligence returning.
Your Short Blades skill increases to level 4!
The hound bites you.
* * * LOW HITPOINT WARNING * * *
The hound completely misses you.
You puncture the hound!
The hound is heavily wounded.
The hound bites you.
* * * LOW HITPOINT WARNING * * *
You barely miss the hound.
The hound is heavily wounded.
The hound barely misses you.
You puncture the hound!
The hound is almost dead.
The hound bites you.
You die...

...........≈≈≈.
≈≈≈≈≈≈......≈≈≈
≈≈≈≈≈≈≈≈.....≈≈
....≈≈≈≈≈....≈≈
........≈....≈≈
≈≈≈≈........≈≈≈
≈.......h.≈≈≈..
.......@.......
..≈≈≈.........≈
≈≈≈........≈≈≈≈
≈≈....≈........
≈≈....≈≈≈≈≈....
≈≈.....≈≈≈≈≈≈≈≈
≈≈≈......≈≈≈≈≈≈
.≈≈≈...........


You could see a hound.

Vanquished Creatures
  Sigmund (D:3)
  An ice beast (Temple)
  An orc priest (D:4)
  A bullfrog skeleton (D:3)
  An orc wizard (D:4)
  Jessica (D:3)
  Ijyb (D:4)
  Terence (D:2)
  2 worker ants (D:4)
  6 gnolls
  6 adders
  3 river rats (Sewer)
  3 worms
  2 leopard geckos
  3 orcs
  8 giant cockroaches
  7 goblins
  8 hobgoblins
  2 jackals (D:3)
  A quokka (D:4)
  7 ball pythons
  9 bats
  10 frilled lizards
  5 kobolds
  11 rats
101 creatures vanquished.

Notes
Turn   | Place    | Note
-------+----------+-------------------------------------------
     0 | D:1      | Borgoz the Ghoul Assassin began the quest for the Orb.
     0 | D:1      | Reached XP level 1. HP: 17/17 MP: 0/0
   113 | D:1      | Reached skill level 1 in Dodging
   152 | D:1      | Reached XP level 2. HP: 24/24 MP: 1/1
   567 | D:2      | Reached XP level 3. HP: 27/30 MP: 2/2
   577 | D:2      | Reached skill level 1 in Armour
   793 | D:2      | Noticed Terence
   806 | D:2      | HP: 1/30 [gnoll (7)]
   822 | D:2      | Killed Terence
   822 | D:2      | Reached XP level 4. HP: 15/37 MP: 3/3
  1215 | D:2      | Reached XP level 5. HP: 17/44 MP: 4/4
  2194 | D:3      | Noticed Sigmund
  2225 | D:3      | Killed Sigmund
  2225 | D:3      | Reached skill level 5 in Stealth
  2225 | D:3      | Reached XP level 6. HP: 20/50 MP: 5/5
  2251 | D:3      | Found a glowing drain.
  2318 | Sewer    | Entered a sewer
  2678 | D:3      | Noticed Jessica
  2690 | D:3      | Killed Jessica
  2878 | D:3      | Found a sacrificial altar of Ru.
  3124 | D:4      | Reached XP level 7. HP: 56/56 MP: 6/6
  3154 | D:4      | Noticed Ijyb
  3161 | D:4      | Killed Ijyb
  3522 | D:4      | Found a staircase to the Ecumenical Temple.
  3532 | Temple   | Entered the Ecumenical Temple
  3545 | Temple   | HP: 1/58 [hound (2)]
  3547 | Temple   | Slain by a hound

Skill      XL: |  1  2  3  4  5  6  7 |
---------------+----------------------+-----
Dodging        | 1 2 3 |  3.8
Short Blades   | 2 3 4 |  4.0
Armour         | 1 2 3 |  3.5
Fighting       | 3 |  3.9
Stealth        | 5 |  5.0
Throwing       | |  1.7

Action                   |  1- 3 |  4- 6 |  7- 9 || total
-------------------------+-------+-------+-------++-------
Melee: Dagger            |    89 |   195 |    94 ||   378
 Fire: Blowgun           |     2 |     3 |     5 ||    10
Evoke: Wand              |       |       |     1 ||     1
  Use: Potion            |     2 |     2 |    10 ||    14
       Scroll            |     3 |     6 |     5 ||    14
 Stab: Sleeping          |     8 |    17 |     4 ||    29
       Invisible         |       |       |     2 ||     2
  Eat: Chunk             |       |     8 |     6 ||    14
Armor: Robe              |     3 |       |       ||     3
       Leather armour    |    18 |    45 |    15 ||    78
Dodge: Dodged            |    60 |   128 |    76 ||   264
